 Dungeon Sprint DCSS version 0.30-a0-1157-g2cc9ac7196 (webtiles) character file.

Game seed: 6122938397593584759

590 fozzywoppz the Fighter (level 7, -4/72 HPs)
             Began as a Minotaur Fighter on Apr 24, 2023.
             Was an Initiate of Okawaru.
             Shot with an arrow by a centaur warrior (25 damage)
             ... in the Dungeon (Sprint I: "Red Sonja").
             The game lasted 00:02:45 (421 turns).

fozzywoppz the Fighter (Minotaur Fighter)            Turns: 421, Time: 00:02:46

Health: -4/72      AC:  8    Str: 21    XL:     7   Next: 15%
Magic:  6/6        EV:  9    Int:  5    God:    Okawaru [......]
Gold:   251        SH:  6    Dex: 11    Spells: 6/6 levels left

rFire   . . .        a - +0 flail
rCold   . . .        c - +0 buckler
rNeg    . . .        b - +0 scale mail
rPois   .            (helmet restricted)
rElec   .            (no cloak)
rCorr   .            (no gloves)
SInv    .            (no boots)
Will    .....        (no amulet) Stlth
                     (no ring)
HPRegen 0.32/turn    (no ring)
MPRegen 0.10/turn

%: no teleportation
@: no status effects
A: horns 2, retaliatory headbutt
a: Renounce Religion


You were in the Dungeon.
You worshipped Okawaru.
Okawaru was noncommittal.
You visited 1 branch You collected 405 gold pieces.
You spent 154 gold pieces at shops.

Inventory:

Hand Weapons
 a - a +0 flail (weapon)
Armour
 b - a +0 scale mail (worn)
 c - a +0 buckler (worn)
Wands
 k - a wand of charming (4)
 l - a wand of digging (6)
Scrolls
 j - a scroll of blinking
Potions
 d - a potion of might
 e - 3 potions of curing
 f - 2 potions of heal wounds
 g - a potion of haste
 h - 2 potions of magic
 i - a potion of berserk rage


   Skills:
 - Level 10.0 Fighting
 + Level 9.7 Maces & Flails
 - Level 10.0 Armour
 - Level 10.0 Shields


You had 6 spell levels left.
You didn't know any spells.
Your spell library was empty.

Dungeon Overview and Level Annotations

Branches:
Dungeon (1/1)

Altars:
Cheibriados
Dithmenos
Elyvilon
Fedhas
Gozag
Hepliaklqana
Kikubaaqudgha
Makhleb
Nemelex Xobeh
Okawaru
Qazlal
Ru
Sif Muna
Trog
Uskayaw
Vehumet
Wu Jian
Xom
Yredelemnul
Zin
The Shining One
Jiyva
Lugonu

Shops:
D !


Innate Abilities, Weirdness & Mutations

You have a pair of horns on your head.
You reflexively headbutt those who attack you in melee.


Message History

There is an open door here.
You see here 7 stones.
You see here the +6 shortbow of Icunet Totu {freeze, Drain rF- Will+++ Dex+2}.
You open the door.
The centaur warrior shouts!
The centaur warrior wields a +0 longbow.
The centaur warrior shoots an arrow.
The arrow barely misses you.
The centaur warrior shouts!
You see here 7 stones.
Something unseen opens the door.
Found 2 amethyst potions and 15 gold pieces.
Found an encrusted bone wand.
The centaur warrior wields a +0 shortbow.
The centaur warrior shoots an arrow.
The arrow hits you!
You see here the +6 shortbow of Icunet Totu {freeze, Drain rF- Will+++ Dex+2}.
You close the door.
A centaur warrior breaks down the door.
The centaur warrior shoots an arrow.
You block the arrow.
The centaur warrior shoots an arrow.
The arrow hits you!
You hit the centaur warrior but do no damage.
The centaur warrior unwields a +0 longbow.
The centaur warrior hits you but does no damage.
You block the centaur warrior's attack.
You hit the centaur warrior.
Your headbutt misses the centaur warrior.
The centaur warrior is lightly wounded.
You block the centaur warrior's attack. The centaur warrior kicks you.
You sock the centaur warrior!
The centaur warrior is moderately wounded.
The centaur warrior hits you but does no damage.
The centaur warrior kicks you but does no damage.
You sock the centaur warrior!
The centaur warrior is heavily wounded.
The centaur warrior shoots an arrow.
The arrow hits you!
The centaur warrior hits you but does no damage.
The centaur warrior kicks you but does no damage.
The centaur warrior shoots an arrow.
The arrow hits you!!
* * * LOW HITPOINT WARNING * * *
The centaur warrior wields a +0 longbow.
The centaur warrior shoots an arrow.
The arrow hits you!!
You die...

######################
#<.#..)..#..'..#__#..+
#..)..#..').#..'..'..#
#..#####'#####'#__####
#..####..#...#(####/?#
#..#__####..##@#~~§.§#
#..#_____##'#_.§c~§§§+
#⌠⌠#_.∩...÷...c#§~~§.#
####_..__##_.#§##'####
#_____###+#)# !$/
####### ### ###


You could see 2 centaur warriors.

Vanquished Creatures
  A slime creature (D)
  Sigmund (D)
  A yak (D)
  An ogre (D)
  A jelly (D)
  Ijyb (D)
6 creatures vanquished.

Notes
Turn   | Place    | Note
-------+----------+-------------------------------------------
     0 | D        | fozzywoppz the Minotaur Fighter began the quest for the
                  | Orb.
     0 | D        | Reached XP level 1. HP: 19/19 MP: 0/0
     2 | D        | Noticed Ijyb
    10 | D        | Killed Ijyb
    11 | D        | Reached skill level 5 in Fighting
    11 | D        | Reached skill level 5 in Armour
    11 | D        | Reached skill level 5 in Shields
    11 | D        | Reached XP level 2. HP: 19/29 MP: 1/1
    52 | D        | Noticed an ogre
    59 | D        | Killed an ogre
    60 | D        | Reached skill level 5 in Maces & Flails
    60 | D        | Reached XP level 3. HP: 38/38 MP: 2/2
    60 | D        | Reached XP level 4. HP: 45/45 MP: 3/3
    63 | D        | Noticed Sigmund
    75 | D        | Killed Sigmund
    76 | D        | Reached XP level 5. HP: 50/53 MP: 4/4
   107 | D        | Found a shimmering blue altar of Sif Muna.
   108 | D        | Found an ornate altar of the Wu Jian Council.
   109 | D        | Found a radiant altar of Vehumet.
   110 | D        | Identified the +6 shortbow of Icunet Totu {freeze, Drain
                  | rF- Will+++ Dex+2}
   114 | D        | Reached XP level 6. HP: 53/62 MP: 5/5
   147 | D        | Noticed a centaur warrior
   152 | D        | Found Joul's Distillery.
   152 | D        | Found an ancient bone altar of Kikubaaqudgha.
   152 | D        | Found a hazy altar of Hepliaklqana.
   152 | D        | Found a stormy altar of Qazlal.
   152 | D        | Found a hide-covered altar of Uskayaw.
   152 | D        | Found a blossoming altar of Fedhas.
   152 | D        | Found a bloodstained altar of Trog.
   152 | D        | Found an iron altar of Okawaru.
   152 | D        | Found a basalt altar of Yredelemnul.
   152 | D        | Found a glowing golden altar of the Shining One.
   152 | D        | Found a snail-covered altar of Cheibriados.
   152 | D        | Found a sacrificial altar of Ru.
   152 | D        | Found a glowing silver altar of Zin.
   152 | D        | Found a shadowy altar of Dithmenos.
   152 | D        | Found a white marble altar of Elyvilon.
   152 | D        | Noticed a yak
   154 | D        | Found an opulent altar of Gozag.
   163 | D        | Killed a yak
   165 | D        | Found a sparkling altar of Nemelex Xobeh.
   169 | D        | Bought a potion of heal wounds for 70 gold pieces
   169 | D        | Bought a potion of curing for 42 gold pieces
   169 | D        | Bought a potion of curing for 42 gold pieces
   172 | D        | Became a worshipper of Warmaster Okawaru
   182 | D        | Noticed a centaur warrior
   187 | D        | Found a viscous altar of Jiyva.
   187 | D        | Found a corrupted altar of Lugonu.
   187 | D        | Noticed a slime creature
   188 | D        | Found a burning altar of Makhleb.
   188 | D        | Found a shimmering altar of Xom.
   200 | D        | Killed a slime creature
   201 | D        | Reached skill level 10 in Fighting
   201 | D        | Reached skill level 10 in Armour
   201 | D        | Reached skill level 10 in Shields
   201 | D        | Reached XP level 7. HP: 12/72 MP: 6/6
   421 | D        | Shot with an arrow by a centaur warrior

Illustrated notes

Levels and vault maps discovered:
D:        dungeon_sprint_1 [red_sonja_temple_1, red_sonja_temple_small_1]

Skill      XL: |  1  2  3  4  5  6 |
---------------+-------------------+-----
Fighting       | 5 6 8 10 | 10.0
Maces & Flails | 4 5 7 8 9 |  9.7
Armour         | 5 6 8 10 | 10.0
Shields        | 5 6 8 10 | 10.0

Action                     |  1- 3 |  4- 6 |  7- 9 || total
---------------------------+-------+-------+-------++-------
  Melee: Flail             |    11 |    30 |     4 ||    45
         Headbutt          |     1 |     4 |       ||     5
 Armour: Scale mail        |       |     6 |     5 ||    11
  Dodge: Dodged            |     3 |     8 |     1 ||    12
  Block: Buckler           |     3 |     6 |     3 ||    12

Table legend: (Time is in decaauts)
 A = Elapsed time spent in this place.
 B = Non-inter-level travel time spent in this place.
 C = Inter-level travel time spent in this place.
 D = Time resting spent in this place.
 E = Time spent auto-exploring this place.
 F = Levels seen in this place.
 G = Mean time per level.
                   A        B        C        D        E       F      G
               +--------+--------+--------+--------+--------+-----+--------+
         Total |    424 |    424 |      0 |    235 |      0 |   1 |  424.0 |
       Dungeon |    424 |    424 |      0 |    235 |      0 |   1 |  424.0 |
               +--------+--------+--------+--------+--------+-----+--------+

Top non-repeatable levels by time:
       D: 424 daAuts
